 Dungeon Crawl Stone Soup version 0.26-a0-812-g31a745ddcd (webtiles) character file.

Game seed: 7826871514996612901

108945 robertstho the Thaumaturge (level 16, -8/124 HPs)
             Began as a Gnoll Fire Elementalist on Nov 13, 2020.
             Was a High Priest of Sif Muna.
             Mangled by a spectral bunyip (19 damage)
             ... called from beyond by a ghost crab
             ... on level 2 of the Swamp.
             The game lasted 01:41:30 (39128 turns).

robertstho the Thaumaturge (GnFE)                  Turns: 39128, Time: 01:41:30

Health: -8/124     AC: 17    Str: 11    XL:     16   Next: 51%
Magic:  7/40       EV: 21    Int: 22    God:    Sif Muna [*****.]
Gold:   692        SH:  0    Dex: 18    Spells: 9/38 levels left

rFire    + + .     SeeInvis +   i - +3 Elemental Staff {rElec rF++ rC++ MR++ AC+5}
rCold    + + +     Faith    .   (no shield)
rNeg     . . .     Spirit   .   b - +2 robe {Archmagi}
rPois    .         Reflect  .   T - +2 hat {SInv}
rElec    +         Harm     .   A - scarf {+Inv}
rCorr    .         Rampage  .   S - +0 pair of gloves
MR       +++..                  (no boots)
Stlth    +++.......             g - amulet of Divine Compulsion {RegenMP rC+ MP+9}
HPRegen  0.30/turn              C - +4 ring of protection
MPRegen  0.52/turn              P - +4 ring of slaying

@: very slow
A: distributed training, fangs 1, strong nose
a: Channel Magic, Forget Spell, Divine Exegesis, Renounce Religion, Evoke
Invisibility


You were on level 2 of the Swamp.
You worshipped Sif Muna.
Sif Muna was extremely pleased with you.
You visited 5 branches of the dungeon, and saw 26 of its levels.
You visited 1 bazaar.
You also visited: Gauntlet.

You collected 3218 gold pieces.
You spent 2526 gold pieces at shops.

Inventory:

Hand Weapons
 i - the +3 Elemental Staff (weapon) {rElec rF++ rC++ MR++ AC+5}
   (You acquired it on level 14 of the Dungeon)

   It affects your AC (+5).
   It greatly protects you from fire.
   It greatly protects you from cold.
   It insulates you from electricity.
   It affects your resistance to hostile enchantments.
 J - the +4 battleaxe "Kogecubu" {drain, +Blink Dex+7, unknown}
   (You found it on level 1 of the Swamp)

   A truly terrible weapon, it drains the life of those it strikes.
   It affects your dexterity (+7).
   It lets you blink.
 K - a +0 scimitar of flaming
Missiles
 n - 117 poisoned darts (quivered)
Armour
 b - a +2 robe of the Archmagi (worn)
 A - a scarf of invisibility (worn)
 F - a +2 cloak of magic resistance
 S - a +0 pair of gloves (worn)
 T - a +2 hat of see invisible (worn)
 X - the +1 cloak of Starlight {rElec rC+ EV+4 Stlth--}
   (You found it on level 1 of the Lair of Beasts)

   It affects your evasion (+4).
   It protects you from cold.
   It insulates you from electricity.
   It makes you much less stealthy.
Jewellery
 d - an uncursed ring of resist corrosion
 g - the amulet of Divine Compulsion (around neck) {RegenMP rC+ MP+9}
   (You bought it in a shop in a bazaar)

   [amulet of magic regeneration]

   It increases your magic regeneration.
   It protects you from cold.
   It affects your magic capacity (+9).
 k - an uncursed amulet of the acrobat
 p - an uncursed amulet of reflection
 C - a +4 ring of protection (left hand)
 E - a cursed ring of teleportation {unknown}
 G - a +4 ring of slaying
 P - a +4 ring of slaying (right hand)
Wands
 s - a wand of disintegration (14)
 B - a wand of digging (7)
 D - a wand of acid (26)
 H - a wand of iceblast (30)
Scrolls
 c - 3 scrolls of fear
 e - 5 scrolls of remove curse
 f - 3 scrolls of identify
 h - 10 scrolls of teleportation
 o - 2 scrolls of fog
 u - 4 scrolls of enchant weapon
 v - 5 scrolls of blinking
 w - 4 scrolls of brand weapon
 y - 6 scrolls of enchant armour
 R - 2 scrolls of immolation
 V - a scroll of silence
Potions
 a - 6 potions of haste
 j - 6 potions of cancellation
 l - 4 potions of mutation
 m - 3 potions of heal wounds
 q - 9 potions of flight
 r - 16 potions of curing
 x - a potion of berserk rage
 z - 2 potions of magic
 I - a potion of might
 M - 2 potions of ambrosia
 O - a potion of resistance
 Y - 3 potions of brilliance
 Z - 3 potions of invisibility
Miscellaneous
 t - a condenser vane


   Skills:
 + Level 10.8 Fighting
 + Level 10.8 Short Blades
 + Level 10.8 Long Blades
 + Level 10.8 Axes
 + Level 10.8 Maces & Flails
 + Level 10.8 Polearms
 + Level 10.8 Staves
 + Level 10.8 Slings
 + Level 10.8 Bows
 + Level 10.8 Crossbows
 + Level 10.8 Throwing
 + Level 10.8 Armour
 + Level 11.7 Dodging
 + Level 11.5 Stealth
 + Level 10.8 Shields
 + Level 10.8 Unarmed Combat
 + Level 11.8 Spellcasting
 + Level 9.5 Conjurations
 + Level 9.2 Hexes
 + Level 9.2 Summonings
 + Level 9.2 Necromancy
 + Level 9.2 Translocations
 + Level 9.2 Transmutations
 + Level 10.6 Fire Magic
 + Level 9.2 Ice Magic
 + Level 9.2 Air Magic
 + Level 9.2 Earth Magic
 + Level 9.2 Poison Magic
 + Level 11.7 Invocations
 + Level 10.8 Evocations


You had 9 spell levels left.
You knew the following spells:

 Your Spells              Type           Power        Failure   Level
a - Foxfire               Conj/Fire      ####         1%          1
b - Conjure Flame         Conj/Fire      #######.     1%          3
c - Sticky Flame          Conj/Fire      #######.     1%          4
d - Fireball              Conj/Fire      #######...   2%          5
e - Summon Ice Beast      Ice/Summ       #######.     1%          4
f - Summon Lightning Spi  Summ/Air       #######.     1%          4
g - Bolt of Magma         Conj/Fire/Erth ########..   2%          5
h - Apportation           Tloc           ######       1%          1
i - Sublimation of Blood  Necr           ######....   1%          2

Your spell library contained the following spells:

 Spells                   Type           Power        Failure   Level
 Animate Skeleton         Necr           ######       1%          1
 Corona                   Hex            ######.      1%          1
 Pain                     Necr           ####         1%          1
 Sandblast                Erth           ######       1%          1
 Summon Small Mammal      Summ           ####         1%          1
 Blink                    Tloc           N/A          1%          2
 Call Imp                 Summ           ######..     1%          2
 Corpse Rot               Necr/Air       N/A          1%          2
 Ensorcelled Hibernation  Hex/Ice        ######       1%          2
 Passwall                 Tmut/Erth      #######.     1%          2
 Call Canine Familiar     Summ           ######..     1%          3
 Confusing Touch          Hex            ######..     1%          3
 Frozen Ramparts          Ice            ######       1%          3
 Gell's Gravitas          Tloc           ######....   1%          3
 Ignite Poison            Fire/Tmut/Pois #######.     1%          3
 Inner Flame              Hex/Fire       #######.     1%          3
 Ozocubu's Armour         Ice            #######.     1%          3
 Spider Form              Tmut/Pois      ######....   1%          3
 Stone Arrow              Conj/Erth      ######       1%          3
 Summon Guardian Golem    Hex/Summ       ######..     1%          3
 Vampiric Draining        Necr           ######....   1%          3
 Animate Dead             Necr           ######....   1%          4
 Cause Fear               Hex            ######....   1%          4
 Dispel Undead            Necr           ######..     1%          4
 Hailstorm                Conj/Ice       #######.     1%          4
 Leda's Liquefaction      Hex/Erth       #######...   1%          4
 Passage of Golubria      Tloc           N/A          1%          4
 Petrify                  Tmut/Erth      #######.     1%          4
 Agony                    Necr           ######..     3%          5
 Borgnjor's Vile Clutch   Necr/Erth      #######...   3%          5
 Excruciating Wounds      Necr           ######....   3%          5
 Lee's Rapid Deconstruct  Erth           #######...   3%          5
 Metabolic Englaciation   Hex/Ice        #######...   3%          5
 Silence                  Hex/Air        #######...   3%          5
 Summon Forest            Summ/Tloc      ######....   3%          5
 Yara's Violent Unravell  Hex/Tmut       ######....   3%          5
 Iron Shot                Conj/Erth      #######...   16%         6
 Ozocubu's Refrigeration  Ice            #######...   17%         6
 Statue Form              Tmut/Erth      #######..    17%         6
 Haunt                    Necr/Summ      ######....   67%         7
 Ignition                 Fire           #######...   99%         8
 Discord                  Hex            ######....   100%        8
 Disjunction              Tloc           ######....   100%        8
 Summon Horrible Things   Summ           ######....   100%        8
 Shatter                  Erth           #######...   100%        9


Dungeon Overview and Level Annotations

Branches:
Dungeon (15/15)            Temple (1/1) D:6            Lair (6/6) D:9
  Swamp (2/4) Lair:3       Spider (0/4) Lair:3        Slime (0/5) Lair:5
    Orc (2/2) D:12            Elf (0/3) Orc:2        Vaults (0/5) D:14
 Depths (0/5) D:15        Gauntlet (visited)

Altars:
Ashenzari
Cheibriados
Dithmenos
Elyvilon
Fedhas
Gozag
Hepliaklqana
Kikubaaqudgha
Makhleb
Nemelex Xobeh
Okawaru
Ru
Sif Muna
Trog
Uskayaw
Vehumet
Wu Jian
Xom
Zin
The Shining One

Shops:
D:14 *!??   D:15 [   Orc:2 *[**(

Portals:
Abyss: D:4

Annotations:
D:4 2 transporters, TigOlBitties's ghost, amateur DENe
Lair:4 1 runed translucent door, Fiha's ghost, journeyman VSTm


Innate Abilities, Weirdness & Mutations

Your experience applies equally to all skills.
You have very sharp teeth.
Your uncanny sense of smell can sniff out nearby items.


Message History

The ghost crab breathes spectral mist at you.
The spectral mist engulfs you but does no damage.
Your lightning spire shoots out a bolt of lightning at the spectral bunyip!
The bolt of electricity misses the spectral bunyip.
The spectral spriggan rider hits you but does no damage.
Unknown command.
Casting: Sticky Flame (mildly dangerous; 1% risk of failure)
Confirm with . or Enter, or press ? or * to list all spells.
Aiming: Bolt of Magma (dangerous; 2% risk of failure)
Press: ? - help, Shift-Dir - straight line, f/p - ghost crab
Aim: a ghost crab (spectral mist, lightly damaged)
You feel a huge surge of power!
The bolt of magma hits the ghost crab!!
The ghost crab is severely damaged.
You are engulfed in spectral mist.
* * * LOW HITPOINT WARNING * * *
The spectral bunyip claws you!!
* * * LOW HITPOINT WARNING * * *
The spectral bunyip claws you but does no damage.
The spectral bunyip claws you!!
You die...

...≈≈≈§ .≈♣.≈§≈≈≈.♣
♣..≈≈≈≈≈≈. ♣.≈≈§≈≈≈≈ ≈
♣♣≈≈≈≈≈≈≈ .. ≈§ ♣♣♣♣♣
♣≈Z§○§.☼. ...
≈≈.♣♣.≈.♣♣♣≈☼○≈§§♣♣♣♣♣≈.
≈≈.≈.≈8§....≈≈§☼☼♣....♣ .
≈≈...≈≈≈....≈≈○@☼♣.≈§.♣..
≈≈...≈≈≈......ZZt.≈≈≈≈.≈.
≈≈!.♣...≈♣♣♣..§☼○.≈≈≈§≈>.
≈≈ ♣♣♣♣≈♣♣...†≈♣≈..≈≈≈.(
♣≈.......8.≈†...≈≈..
♣.≈<........≈...≈..♣
♣...≈.≈≈.>....≈≈≈≈≈≈
♣≈....≈≈≈≈≈..≈≈.≈≈≈≈.♣
♣..≈≈.≈≈≈≈≈≈≈≈≈..≈≈≈.♣


You could see a ghost crab, a spectral alligator (summoned), a spectral spriggan
rider (summoned), a spectral bunyip (summoned) and a friendly lightning spire
(summoned).

Vanquished Creatures
  Agnes (D:14)
  Gastronok (D:12)
  A minotaur (Gauntlet)
  Josephine (Orc:1)
  2 vault guards (D:14)
  Harold (D:8)
  A catoblepas (Gauntlet)
  A boulder beetle (D:13)
  5 hydras
  2 centaur warriors (Orc:2)
  An ogre mage (D:15)
  A death knight (D:15)
  Erica (D:8)
  9 two-headed ogres
  2 alligators (Swamp:1)
  2 orc high priests (Orc:2)
  A goliath frog (Swamp:1)
  2 death yaks (Lair:5)
  A queen ant (Lair:2)
  Urug (D:12)
  A deep elf knight (D:14)
  A skeletal warrior (D:15)
  3 unseen horrors
  3 wizards
  A lindwurm (Lair:6)
  2 orc knights
  Pikel (D:7)
  2 harpies (Lair:6)
  2 deep elf magi
  An orc sorcerer (Orc:2)
  14 ugly things
  2 cyclopes
  3 manticores
  An elephant (shapeshifter) (Gauntlet)
  An ice statue (D:9)
  4 black mambas
  Maurice (D:8)
  11 elephants
  2 centaur zombies (D:10)
  A torpor snail (Lair:6)
  5 cane toads
  Maggie (D:9)
  2 gargoyles
  2 minotaur zombies (Gauntlet)
  8 rime drakes
  2 freezing wraiths (D:15)
  8 komodo dragons
  A demonic crawler (Lair:3)
  2 tengu conjurers (D:15)
  A bloated husk (Swamp:1)
  5 polar bears
  5 trolls
  A hornet (Lair:6)
  3 tyrant leeches (Swamp:1)
  Grinder (D:6)
  14 blink frogs
  4 slime creatures (D:9)
  6 dream sheep
  Sigmund (D:2)
  3 shadows
  A centaur simulacrum (D:14)
  11 spriggans
  39 yaks
  16 wyverns
  4 wraiths
  A vampire (D:13)
  2 basilisks (Lair:6)
  5 vampire mosquitoes
  Grum (D:11)
  A swamp worm (Swamp:2)
  2 soldier ants (Lair:2)
  Duvessa (D:4)
  12 water moccasins
  36 orc warriors
  7 ice beasts
  7 sky beasts
  3 black bears
  A necrophage (D:8)
  10 ogres
  3 phantoms
  10 wolves
  14 centaurs
  A big kobold (D:10)
  A nameless horror (Lair:2)
  13 bullfrogs
  10 scorpions
  Dowan (D:4)
  10 killer bees
  11 wights
  4 howler monkeys
  A bullfrog zombie (D:9)
  2 jellies
  A quasit (D:9)
  6 centaur skeletons
  4 hounds
  7 orc priests
  Crazy Yiuf (D:3)
  A bullfrog skeleton (D:6)
  3 iguanas
  19 orc wizards
  18 worker ants
  3 hell rats (Lair:6)
  2 hound skeletons
  A howler monkey skeleton (D:10)
  9 gnolls
  17 adders
  A shadow imp (D:9)
  4 white imps
  3 ufetubi
  An ooze (Lair:5)
  2 adder skeletons
  2 worms (Lair:3)
  2 dart slugs
  6 leopard geckos
  82 orcs
  9 giant cockroaches
  6 goblins
  12 hobgoblins
  10 kobolds
  5 quokkas
  5 ball pythons
  8 bats
  7 frilled lizards
  2 jackal zombies
  A leopard gecko skeleton (D:8)
  A quokka skeleton (D:3)
  10 rats
  A butterfly (Lair:1)
682 creatures vanquished.

Vanquished Creatures (collateral kills)
  Rupert (Lair:4)
  Jorgrun (Orc:2)
  A dire elephant (Lair:6)
  Erolcha (D:11)
  5 hydras
  3 vault guards (D:14)
  A boulder beetle (D:14)
  A merfolk avatar (Lair:6)
  4 death yaks (Lair:5)
  A two-headed ogre (D:12)
  2 bog bodies (Lair:3)
  A wizard (D:15)
  An orc knight (D:13)
  2 ugly things
  An orc sorcerer (D:13)
  3 oklob plants
  2 manticores
  An elephant (Lair:5)
  A smoke demon (Gauntlet)
  A torpor snail (Lair:6)
  2 naga magi (D:15)
  7 cane toads
  A rime drake (Lair:6)
  9 komodo dragons
  A red devil (Gauntlet)
  A tengu conjurer (D:14)
  3 polar bears
  3 trolls
  13 blink frogs
  2 hornets
  7 dream sheep
  3 slime creatures (D:13)
  14 yaks
  2 shadows
  2 wyverns (Lair:6)
  3 basilisks
  5 soldier ants (Lair:2)
  A warg (Orc:1)
  3 water moccasins
  A swamp drake (Swamp:1)
  5 orc warriors
  An eye of draining (D:13)
  An ice beast (D:11)
  2 wolves
  3 centaurs (Orc:2)
  3 ogres
  4 bullfrogs
  A scorpion (Lair:2)
  3 killer bees (D:13)
  5 wights (D:13)
  2 crimson imps (Gauntlet)
  A centaur zombie (D:11)
  3 hounds
  An orc priest (Orc:2)
  2 jellies (Lair:5)
  2 orc wizards (Orc:1)
  A hell rat (Lair:6)
  11 worker ants
  A nameless horror (Lair:4)
  An ooze (Lair:5)
  11 orcs
  A foxfire (D:2)
182 creatures vanquished.

Vanquished Creatures (others)
  A hornet (Swamp:1)
  A vampire mosquito (Swamp:1)
  A swamp worm (Swamp:2)
  A wight (D:13)
  A bush (Lair:6)
  1555 foxfires
  51 fungi
  110 plants
1721 creatures vanquished.

Grand Total: 2585 creatures vanquished

Notes
Turn   | Place    | Note
-------+----------+-------------------------------------------
     0 | D:1      | robertstho the Gnoll Fire Elementalist began the quest for
                  | the Orb.
     0 | D:1      | Reached XP level 1. HP: 13/13 MP: 6/6
   237 | D:1      | Reached XP level 2. HP: 19/19 MP: 4/7
  1005 | D:1      | Reached XP level 3. HP: 25/25 MP: 5/9
  1122 | D:2      | Reached skill level 5 in Spellcasting
  1187 | D:2      | Noticed Sigmund
  1205 | D:1      | Learned a level 3 spell: Conjure Flame
  1345 | D:2      | Killed Sigmund
  1345 | D:2      | Reached skill level 1 in Fighting
  1345 | D:2      | Reached skill level 1 in Short Blades
  1345 | D:2      | Reached skill level 1 in Long Blades
  1345 | D:2      | Reached skill level 1 in Axes
  1345 | D:2      | Reached skill level 1 in Maces & Flails
  1345 | D:2      | Reached skill level 1 in Polearms
  1345 | D:2      | Reached skill level 1 in Staves
  1345 | D:2      | Reached skill level 1 in Slings
  1345 | D:2      | Reached skill level 1 in Bows
  1345 | D:2      | Reached skill level 1 in Crossbows
  1345 | D:2      | Reached skill level 1 in Throwing
  1345 | D:2      | Reached skill level 1 in Armour
  1345 | D:2      | Reached skill level 1 in Shields
  1345 | D:2      | Reached skill level 1 in Unarmed Combat
  1345 | D:2      | Reached skill level 1 in Hexes
  1345 | D:2      | Reached skill level 1 in Summonings
  1345 | D:2      | Reached skill level 1 in Necromancy
  1345 | D:2      | Reached skill level 1 in Translocations
  1345 | D:2      | Reached skill level 1 in Transmutations
  1345 | D:2      | Reached skill level 1 in Ice Magic
  1345 | D:2      | Reached skill level 1 in Air Magic
  1345 | D:2      | Reached skill level 1 in Earth Magic
  1345 | D:2      | Reached skill level 1 in Poison Magic
  1345 | D:2      | Reached skill level 1 in Invocations
  1345 | D:2      | Reached skill level 1 in Evocations
  1345 | D:2      | Reached XP level 4. HP: 9/32 MP: 9/11
  1345 | D:2      | Reached XP level 5. HP: 10/37 MP: 9/12
  1660 | D:2      | Found a blossoming altar of Fedhas.
  2013 | D:2      | Reached XP level 6. HP: 44/44 MP: 5/13
  3028 | D:3      | Reached skill level 5 in Dodging
  3029 | D:3      | Noticed a phantom
  3042 | D:3      | Killed a phantom
  3136 | D:3      | Learned a level 4 spell: Sticky Flame
  3142 | D:3      | Learned a level 5 spell: Fireball
  3624 | D:3      | Found a runed translucent door.
  3625 | D:3      | Noticed Crazy Yiuf
  4040 | D:3      | Killed Crazy Yiuf
  4040 | D:3      | Reached XP level 7. HP: 50/50 MP: 15/15
  4087 | D:4      | Noticed Dowan
  4089 | D:4      | Noticed Duvessa
  4092 | D:4      | Killed Dowan
  4103 | D:4      | Killed Duvessa
  4155 | D:4      | Found a transporter.
  4243 | D:4      | Found a bloodstained altar of Trog.
  4251 | D:4      | Reached skill level 5 in Stealth
  4441 | D:4      | Reached XP level 8. HP: 57/57 MP: 4/16
  4615 | D:4      | Found a one-way gate to the infinite horrors of the Abyss.
  4615 | D:4      | Noticed TigOlBitties's ghost (amateur DENe)
  4622 | D:4      | Identified the +5 dagger "Meilirr" {distort, *Noise rF+
                  | Str+4}
  4626 | D:4      | Found a transporter.
  5139 | D:5      | Entered Level 5 of the Dungeon
  5631 | D:5      | Reached XP level 9. HP: 42/65 MP: 1/18
  5921 | D:6      | Found a staircase to the Ecumenical Temple.
  5947 | Temple   | Entered the Ecumenical Temple
  6172 | Temple   | Became a worshipper of Sif Muna the Loreminder
  6247 | D:6      | Noticed a brown ugly thing
  6262 | D:6      | Killed a brown ugly thing
  7016 | D:6      | Reached skill level 5 in Invocations
  7130 | D:6      | Noticed Grinder
  7137 | D:6      | Killed Grinder
  7253 | D:6      | Reached XP level 10. HP: 73/73 MP: 14/20
  7296 | D:6      | Reached * piety under Sif Muna
  7732 | D:7      | Reached skill level 5 in Fighting
  7732 | D:7      | Reached skill level 5 in Short Blades
  7732 | D:7      | Reached skill level 5 in Long Blades
  7732 | D:7      | Reached skill level 5 in Axes
  7732 | D:7      | Reached skill level 5 in Maces & Flails
  7732 | D:7      | Reached skill level 5 in Polearms
  7732 | D:7      | Reached skill level 5 in Staves
  7732 | D:7      | Reached skill level 5 in Slings
  7732 | D:7      | Reached skill level 5 in Bows
  7732 | D:7      | Reached skill level 5 in Crossbows
  7732 | D:7      | Reached skill level 5 in Throwing
  7732 | D:7      | Reached skill level 5 in Armour
  7732 | D:7      | Reached skill level 5 in Shields
  7732 | D:7      | Reached skill level 5 in Unarmed Combat
  7732 | D:7      | Reached skill level 5 in Evocations
  7935 | D:7      | Found a burning altar of Makhleb.
  8222 | D:8      | Noticed Harold
  8562 | D:7      | Noticed Pikel
  8572 | D:7      | Killed Pikel
  9072 | D:8      | Reached skill level 5 in Conjurations
  9081 | D:8      | Reached ** piety under Sif Muna
  9450 | D:8      | Killed Harold
  9450 | D:8      | Reached XP level 11. HP: 24/81 MP: 4/22
  9918 | D:8      | Reached skill level 5 in Hexes
  9918 | D:8      | Reached skill level 5 in Summonings
  9918 | D:8      | Reached skill level 5 in Necromancy
  9918 | D:8      | Reached skill level 5 in Translocations
  9918 | D:8      | Reached skill level 5 in Transmutations
  9918 | D:8      | Reached skill level 5 in Ice Magic
  9918 | D:8      | Reached skill level 5 in Air Magic
  9918 | D:8      | Reached skill level 5 in Earth Magic
  9918 | D:8      | Reached skill level 5 in Poison Magic
 10193 | D:8      | Noticed Maurice
 10207 | D:8      | Killed Maurice
 10291 | D:8      | Noticed Erica
 10303 | D:8      | Killed Erica
 10844 | D:9      | Found a hide-covered altar of Uskayaw.
 10844 | D:9      | Noticed a +0 hand axe
 10844 | D:9      | Noticed a +0 hand axe
 10844 | D:9      | Noticed Maggie
 10856 | D:9      | Killed Maggie
 11177 | D:9      | Found a sacrificial altar of Ru.
 11349 | D:9      | Reached *** piety under Sif Muna
 11441 | D:9      | Noticed a two-headed ogre
 11442 | D:9      | Killed a two-headed ogre
 12776 | D:9      | Found a staircase to the Lair.
 13095 | D:10     | Entered Level 10 of the Dungeon
 13634 | D:10     | Noticed a two-headed ogre
 13641 | D:10     | Killed a two-headed ogre
 13641 | D:10     | Reached XP level 12. HP: 89/89 MP: 15/24
 14247 | D:10     | Reached **** piety under Sif Muna
 14562 | D:10     | You fall into a shaft and drop 2 floors!
 14669 | D:12     | Found a staircase to the Orcish Mines.
 14682 | D:12     | Noticed Urug
 14760 | D:12     | Learned a level 4 spell: Summon Ice Beast
 14765 | D:12     | Learned a level 4 spell: Summon Lightning Spire
 14771 | D:12     | Learned a level 5 spell: Bolt of Magma
 14825 | D:12     | Noticed a two-headed ogre
 14836 | D:12     | Killed a two-headed ogre
 15078 | D:12     | Killed Urug
 15584 | D:12     | Noticed Gastronok
 15603 | D:12     | Killed Gastronok
 15701 | D:12     | Noticed a two-headed ogre
 15707 | D:12     | Killed a two-headed ogre
 17204 | D:13     | Noticed a boulder beetle
 17605 | D:13     | Killed a boulder beetle
 17605 | D:13     | Reached XP level 13. HP: 98/98 MP: 8/26
 18302 | D:11     | Noticed Grum
 18303 | D:11     | Killed Grum
 18819 | D:11     | Found a burning altar of Makhleb.
 19563 | D:11     | Noticed Erolcha
 19569 | D:11     | Killed Erolcha
 20116 | Lair:1   | Entered Level 1 of the Lair of Beasts
 21553 | Lair:1   | Found the +1 cloak of Starlight {rElec rC+ EV+4 Stlth--}
 21921 | Lair:2   | Reached ***** piety under Sif Muna
 22061 | Lair:2   | Identified Sif Muna's Compendium of Blistering Companions
                  | (Sif Muna gifted it to you on level 2 of the Lair of
                  | Beasts)
 22061 | Lair:2   | Received a gift from Sif Muna
 22790 | Lair:2   | You fall into a shaft and drop 1 floor!
 22930 | Lair:3   | Reached skill level 10 in Spellcasting
 23330 | Lair:3   | Found a hole to the Spider Nest.
 24005 | Lair:3   | Found a staircase to the Swamp.
 24671 | Lair:4   | Reached XP level 14. HP: 106/106 MP: 12/28
 24987 | Lair:4   | Reached skill level 10 in Dodging
 25141 | Lair:4   | Found a shimmering altar of Xom.
 25141 | Lair:4   | Noticed Fiha's ghost (journeyman VSTm)
 25142 | Lair:4   | Found a runed translucent door.
 25455 | Lair:4   | Noticed Rupert
 25467 | Lair:4   | Killed Rupert
 26176 | Lair:5   | HP: 1/108 [komodo dragon (18)]
 26680 | Lair:5   | Reached skill level 10 in Stealth
 26989 | Lair:5   | Found a staircase to the Slime Pits.
 27239 | Lair:5   | Reached skill level 10 in Invocations
 27388 | Lair:5   | Identified Sif Muna's Catalogue of Venomous Cold (Sif Muna
                  | gifted it to you on level 5 of the Lair of Beasts)
 27388 | Lair:5   | Received a gift from Sif Muna
 28534 | Lair:6   | Entered Level 6 of the Lair of Beasts
 29445 | Lair:6   | Noticed a dire elephant
 29850 | Lair:6   | Killed a dire elephant
 29952 | Lair:6   | Identified Sif Muna's Handbook of the Rocks and Dislocation
                  | (Sif Muna gifted it to you on level 6 of the Lair of
                  | Beasts)
 29952 | Lair:6   | Received a gift from Sif Muna
 30073 | Lair:6   | Reached XP level 15. HP: 98/115 MP: 27/29
 31768 | Lair:2   | Reached skill level 10 in Fire Magic
 32478 | D:14     | Found Geovva's General Store.
 32484 | D:14     | Bought a potion of magic for 112 gold pieces
 32515 | D:14     | Noticed Agnes
 32537 | D:14     | Killed Agnes
 32537 | D:14     | Reached skill level 10 in Fighting
 32537 | D:14     | Reached skill level 10 in Short Blades
 32537 | D:14     | Reached skill level 10 in Long Blades
 32537 | D:14     | Reached skill level 10 in Axes
 32537 | D:14     | Reached skill level 10 in Maces & Flails
 32537 | D:14     | Reached skill level 10 in Polearms
 32537 | D:14     | Reached skill level 10 in Staves
 32537 | D:14     | Reached skill level 10 in Slings
 32537 | D:14     | Reached skill level 10 in Bows
 32537 | D:14     | Reached skill level 10 in Crossbows
 32537 | D:14     | Reached skill level 10 in Throwing
 32537 | D:14     | Reached skill level 10 in Armour
 32537 | D:14     | Reached skill level 10 in Shields
 32537 | D:14     | Reached skill level 10 in Unarmed Combat
 32537 | D:14     | Reached skill level 10 in Evocations
 33360 | D:14     | Found Ycumos's Distillery.
 33368 | D:14     | Bought a potion of berserk rage for 60 gold pieces
 33368 | D:14     | Bought a potion of curing for 36 gold pieces
 33368 | D:14     | Bought a potion of curing for 36 gold pieces
 33368 | D:14     | Bought 2 potions of heal wounds for 120 gold pieces
 33368 | D:14     | Bought a potion of curing for 36 gold pieces
 33368 | D:14     | Bought a potion of heal wounds for 60 gold pieces
 33372 | D:14     | Found Luameas's Magic Scroll Shoppe.
 33376 | D:14     | Bought a scroll of torment for 135 gold pieces
 33376 | D:14     | Bought a scroll of teleportation for 54 gold pieces
 33376 | D:14     | Bought a scroll of magic mapping for 63 gold pieces
 33376 | D:14     | Bought a scroll of identify for 36 gold pieces
 33448 | D:14     | Found Xuhitwu's Magic Scroll Boutique.
 33456 | D:14     | Bought a scroll of vulnerability for 120 gold pieces
 33456 | D:14     | Bought a scroll of identify for 32 gold pieces
 33456 | D:14     | Bought a scroll of identify for 32 gold pieces
 33456 | D:14     | Bought a scroll of identify for 32 gold pieces
 33456 | D:14     | Bought 2 scrolls of identify for 64 gold pieces
 33565 | D:14     | Found a gateway to a bazaar.
 33608 | Bazaar   | Entered a bazaar
 33612 | Bazaar   | Found Dunoel's Jewellery Boutique.
 33630 | Bazaar   | Found Gugydeca's Armour Emporium.
 33647 | Bazaar   | Found Nusuwiom's Book Boutique.
 33664 | Bazaar   | Found Nyhod's Antique Weapon Shoppe.
 33686 | Bazaar   | Bought the amulet of Divine Compulsion {RegenMP rC+ MP+9}
                  | for 817 gold pieces
 33805 | D:14     | Found a gate to the Vaults.
 33830 | D:14     | Identified a scroll of acquirement
 33831 | D:14     | Acquired the +3 Elemental Staff {rElec rF++ rC++ MR++ AC+5}
 33832 | D:14     | Found the +3 Elemental Staff {rElec rF++ rC++ MR++ AC+5}
 33885 | D:15     | Entered Level 15 of the Dungeon
 34065 | D:15     | Found Sokoff's Armour Shoppe.
 35113 | D:15     | Reached XP level 16. HP: 123/123 MP: 25/31
 35177 | D:15     | Found a staircase to the Depths.
 35536 | Orc:1    | Entered Level 1 of the Orcish Mines
 35904 | Orc:2    | Entered Level 2 of the Orcish Mines
 36245 | Orc:2    | Noticed Jorgrun
 36262 | Orc:2    | Killed Jorgrun
 36292 | Orc:2    | Found Tuceck's General Store.
 36303 | Orc:2    | Found a staircase to the Elven Halls.
 36341 | Orc:2    | Found a gate leading to a gauntlet.
 36351 | Gauntlet | Entered a Gauntlet
 36351 | Gauntlet | Found a large runed translucent door.
 36351 | Gauntlet | Found a large runed translucent door.
 36351 | Gauntlet | Found a large runed translucent door.
 36351 | Gauntlet | Found a large runed translucent door.
 36351 | Gauntlet | Found a runed translucent door.
 36351 | Gauntlet | Found a large runed translucent door.
 36351 | Gauntlet | Found a large runed translucent door.
 36351 | Gauntlet | Found a transporter.
 36351 | Gauntlet | Found a transporter.
 36351 | Gauntlet | Found a large runed translucent door.
 36351 | Gauntlet | Found a large runed translucent door.
 36351 | Gauntlet | Found a runed translucent gate.
 36351 | Gauntlet | Found a runed translucent gate.
 36351 | Gauntlet | Found a transporter.
 36634 | Gauntlet | Found a transporter.
 36635 | Gauntlet | Found a transporter.
 36646 | Gauntlet | Found a transporter.
 36660 | Gauntlet | Identified the ring of the Real Monster {rPois rC+ Int+9
                  | Dex-2 SInv}
 36704 | Gauntlet | Found a runed translucent door.
 36705 | Gauntlet | Found a large runed translucent door.
 36705 | Gauntlet | Found a large runed translucent door.
 36705 | Gauntlet | Found a large runed translucent door.
 36705 | Gauntlet | Found a large runed translucent door.
 36706 | Gauntlet | Found a large runed translucent door.
 36706 | Gauntlet | Found a large runed translucent door.
 36707 | Gauntlet | Found a large runed translucent door.
 36707 | Gauntlet | Found a large runed translucent door.
 36711 | Gauntlet | Found a transporter.
 36727 | Gauntlet | Found a transporter.
 36736 | Gauntlet | Found a transporter.
 36746 | Gauntlet | Found a transporter.
 36761 | Gauntlet | Found a transporter.
 36767 | Gauntlet | Found a transporter.
 36790 | Gauntlet | Found a runed translucent gate.
 36959 | Gauntlet | Received a gift from Sif Muna
 36971 | Gauntlet | Learned a level 1 spell: Apportation
 36974 | Gauntlet | Learned a level 2 spell: Sublimation of Blood
 37525 | Orc:2    | Bought a scroll of teleportation for 36 gold pieces
 37525 | Orc:2    | Bought a scroll of identify for 24 gold pieces
 37909 | Orc:2    | Found Lofiumo's General Store.
 37909 | Orc:2    | Found Bumuviy's General Store.
 37911 | Orc:2    | Found Ypaorut's Antique Weapon Emporium.
 37913 | Orc:2    | Found Buech's Antique Armour Boutique.
 37917 | Orc:2    | Bought a wand of disintegration (14) for 306 gold pieces
 37917 | Orc:2    | Bought a potion of curing for 51 gold pieces
 37925 | Orc:2    | Bought an embroidered scarf for 264 gold pieces
 38325 | Orc:1    | Noticed Josephine
 38328 | Orc:1    | Killed Josephine
 38659 | Swamp:1  | Entered Level 1 of the Swamp
 38868 | Swamp:1  | Got an ancient battleaxe
 39128 | Swamp:2  | Mangled by a spectral bunyip

Illustrated notes

Levels and vault maps discovered:
D:1:      dpeg_arrival_erosion, layout_basic, corner_web_ring,
          grunt_decor_clamped, chequers_decorated_corner, minmay_close_crescents
D:2:      layout_basic, fedhas_altar_1, minmay_tromino_i4, uniq_sigmund
D:3:      layout_basic, uniq_crazy_yiuf_cottage
D:4:      layout_loops_ring, gammafunk_ghost_abyssal_escape,
          trog_three_pillars_becter, uniq_duvessa
D:5:      layout_rooms
D:6:      layout_loops_ring, minmay_temple_entry_sparse_star, uniq_grinder
D:7:      layout_gridville, old_standard_altar, uniq_pikel
D:8:      kb_forest_paths, layout_layer_cave, uniq_harold, uniq_erica,
          uniq_maurice
D:9:      lemuel_ice_statue, layout_gridville, dancing_weapons_uskayaw,
          nicolae_ru_awakened_eye, lair_entry_dummy, uniq_maggie
D:10:     layout_stronghold
D:11:     layout_irregular_city, minmay_misc_feat_five, serial_bayou_pond_b,
          bloody_makhleb, uniq_grum, uniq_erolcha
D:12:     layout_basic, david_orc_2, uniq_gastronok, uniq_urug
D:13:     layout_gridville, serial_bayou, serial_bayou_pond_d,
          serial_bayou_ford_a, serial_bayou_pond_e, serial_bayou_crossing
D:14:     layout_layer_cave, grunt_vaults_entry_fortified, serial_shops,
          bzr_entry_dummy, nicolae_shop_trees, shop, nicolae_shop_statue_plus,
          shop, uniq_agnes
D:15:     grunt_enter_depths_magical_seal, layout_loops_corners, serial_shops,
          nicolae_shop_trees, chequers_serial_rivers_small_a, minmay_hedge_maze
Temple:   dpeg_five_rooms_temple
Lair:1:   layout_cave_pods, minivault_19, minivault_25, grunt_megastairs_4,
          lemuel_fruit_fields
Lair:2:   layout_chaotic_city, minmay_another_anthill
Lair:3:   layout_regular_city, skrybe_swamp_entry_bodies,
          nicolae_spider_entry_non_spiders, st_stairs_12, grunt_megastairs_5
Lair:4:   layout_small_grid, ebering_ghost_xom, cheibrodos_lair_lostbears,
          uniq_rupert
Lair:5:   layout_cave_pods, nicolae_slime_entry_slimehenge, lemuel_fruit_tree,
          grunt_megastairs_3, serial_bayou_shore_b, minmay_lair_oklob_chamber
Lair:6:   gammafunk_lair_ancient_temple, layout_cave_pods, special_room
          [special_room_mythical_zoo]
Swamp:1:  layout_falls_marsh, evilmike_swamp_ruin_wall
Swamp:2:  layout_basic_swamp, serial_swamp_ruin, evilmike_swamp_ruin_rubble_2,
          evilmike_swamp_ruin_house_1, evilmike_swamp_ruin_house_4,
          infiniplex_staircase_pool
Orc:1:    layout_diamond_mine, uniq_josephine
Orc:2:    st_orc_rangers, layout_caves, gauntlet_entry_generic, serial_shops,
          nicolae_shop_statue_plus, uniq_jorgrun

Skill      XL: |  1  2  3  4  5  6  7  8  9 10 11 12 13 14 15 16 |
---------------+-------------------------------------------------+-----
Conjurations   | 2 3 4 5 6 7 8 9 |  9.5
Spellcasting   | 5 6 7 8 9 10 11 | 11.8
Fighting       | 1 2 3 4 5 6 7 8 9 10 | 10.8
Short Blades   | 1 2 3 4 5 6 7 8 9 10 | 10.8
Long Blades    | 1 2 3 4 5 6 7 8 9 10 | 10.8
Axes           | 1 2 3 4 5 6 7 8 9 10 | 10.8
Maces & Flails | 1 2 3 4 5 6 7 8 9 10 | 10.8
Polearms       | 1 2 3 4 5 6 7 8 9 10 | 10.8
Staves         | 1 2 3 4 5 6 7 8 9 10 | 10.8
Slings         | 1 2 3 4 5 6 7 8 9 10 | 10.8
Bows           | 1 2 3 4 5 6 7 8 9 10 | 10.8
Crossbows      | 1 2 3 4 5 6 7 8 9 10 | 10.8
Throwing       | 1 2 3 4 5 6 7 8 9 10 | 10.8
Armour         | 1 2 3 4 5 6 7 8 9 10 | 10.8
Shields        | 1 2 3 4 5 6 7 8 9 10 | 10.8
Unarmed Combat | 1 2 3 4 5 6 7 8 9 10 | 10.8
Hexes          | 1 2 3 4 5 6 7 8 9 |  9.2
Summonings     | 1 2 3 4 5 6 7 8 9 |  9.2
Necromancy     | 1 2 3 4 5 6 7 8 9 |  9.2
Translocations | 1 2 3 4 5 6 7 8 9 |  9.2
Transmutations | 1 2 3 4 5 6 7 8 9 |  9.2
Ice Magic      | 1 2 3 4 5 6 7 8 9 |  9.2
Air Magic      | 1 2 3 4 5 6 7 8 9 |  9.2
Earth Magic    | 1 2 3 4 5 6 7 8 9 |  9.2
Poison Magic   | 1 2 3 4 5 6 7 8 9 |  9.2
Invocations    | 1 2 3 4 5 6 7 8 9 10 11 | 11.7
Evocations     | 1 2 3 4 5 6 7 8 9 10 | 10.8
Dodging        | 5 6 7 8 9 10 11 | 11.7
Stealth        | 5 6 7 8 9 10 11 | 11.5
Fire Magic     | 6 7 8 9 10 | 10.6

Action                   |  1- 3 |  4- 6 |  7- 9 | 10-12 | 13-15 | 16-18 || total
-------------------------+-------+-------+-------+-------+-------+-------++-------
Melee: Dagger            |    16 |     3 |    25 |   198 |   377 |       ||   619
       Bite              |     1 |     1 |     4 |    22 |    66 |     5 ||    99
       Punch             |       |       |       |    10 |    18 |       ||    28
       Staff             |       |       |       |       |    25 |    38 ||    63
 Cast: Foxfire           |    51 |   128 |   236 |   472 |    78 |       ||   965
       Sticky Flame      |       |       |     7 |    70 |   122 |    35 ||   234
       Fireball          |       |       |       |     9 |   164 |    65 ||   238
       Summon Ice Beast  |       |       |       |    29 |    96 |     7 ||   132
       Summon Lightning  |       |       |       |    12 |   100 |    24 ||   136
       Bolt of Magma     |       |       |       |     2 |    15 |     7 ||    24
       Conjure Flame     |       |       |       |       |     1 |       ||     1
Invok: Channel Magic     |       |       |       |     8 |    19 |     4 ||    31
Evoke: Wand              |       |       |     1 |     4 |       |       ||     5
       Condenser vane    |       |       |       |       |       |     1 ||     1
  Use: Potion            |     3 |       |       |     5 |     1 |     2 ||    11
       Scroll            |       |     5 |     4 |     8 |    20 |     1 ||    38
 Stab: Sleeping          |     1 |       |       |    10 |       |       ||    11
       Distracted        |       |     1 |       |     1 |     5 |     1 ||     8
Armor: Robe              |     5 |     1 |    16 |    49 |    83 |    31 ||   185
       Skin              |     9 |       |       |       |       |       ||     9
Dodge: Dodged            |    12 |     8 |    58 |   199 |   473 |   166 ||   916
Block: Buckler           |       |     4 |    78 |    29 |       |       ||   111
       Reflection        |       |       |     2 |     6 |     1 |     2 ||    11
       Other             |       |       |       |    53 |    99 |     7 ||   159

Table legend: (Time is in decaauts)
 A = Elapsed time spent in this place.
 B = Non-inter-level travel time spent in this place.
 C = Inter-level travel time spent in this place.
 D = Time resting spent in this place.
 E = Time spent auto-exploring this place.
 F = Levels seen in this place.
 G = Mean time per level.
                   A        B        C        D        E       F      G
               +--------+--------+--------+--------+--------+-----+--------+
         Total |  38973 |  37575 |   1398 |   4909 |  26642 |  28 | 1391.9 |
       Dungeon |  22958 |  22082 |    876 |   2138 |  16344 |  15 | 1530.5 |
        Temple |    277 |    199 |     78 |      0 |    198 |   1 |  277.0 |
          Lair |  12208 |  11901 |    307 |   2043 |   8202 |   6 | 2034.7 |
         Swamp |    487 |    480 |      7 |    104 |    285 |   2 |  243.5 |
  Orcish Mines |   1910 |   1782 |    128 |    368 |   1081 |   2 |  955.0 |
        Bazaar |    100 |    100 |      0 |      0 |     69 |   1 |  100.0 |
      Gauntlet |   1029 |   1029 |      0 |    256 |    463 |   1 | 1029.0 |
               +--------+--------+--------+--------+--------+-----+--------+

Top non-repeatable levels by time:
  Lair:6: 3167 daAuts
     D:9: 2350 daAuts
  Lair:4: 2119 daAuts
  Lair:5: 2114 daAuts
     D:8: 2033 daAuts
    D:12: 1947 daAuts
  Lair:1: 1941 daAuts
    D:11: 1760 daAuts
    D:13: 1736 daAuts
    D:10: 1691 daAuts
  Lair:2: 1625 daAuts
     D:6: 1589 daAuts
    D:15: 1584 daAuts
     D:2: 1472 daAuts
     D:3: 1434 daAuts
